 Dungeon Crawl Stone Soup version 0.31.0-11-ge490571c62 (webtiles) character file.

Game seed: 6142896733865075324

34 Gadfly the Trooper (level 3, 25/29 HPs)
             Began as a Demonspawn Monk on Feb 2, 2024.
             Quit the game on level 1 of the Dungeon.
             The game lasted 00:01:02 (928 turns).

Gadfly the Trooper (Demonspawn Monk)                 Turns: 928, Time: 00:01:02

Health: 25/29      AC:  2    Str: 13    XL:     3   Next: 14%
Magic:  3/3        EV: 13    Int: 10    God:
Gold:   0          SH:  0    Dex: 15    Spells: 2/2 levels left

rFire   . . .        b - +1 whip (elec)
rCold   . . .        c - orb {light}
rNeg    . . .        a - +0 robe
rPois   .            (no helmet)
rElec   .            (no cloak)
rCorr   .            (no gloves)
SInv    .            (no boots)
Will    .....        (no amulet)
Stlth   +            (no ring)
HPRegen 0.24/turn    (no ring)
MPRegen 0.08/turn

%: no passive effects
@: glowing
A: demonic magic 1, demonic touch 1
a: no special abilities


You were on level 1 of the Dungeon.
You visited 1 branch of the dungeon, and saw 1 of its levels.

Inventory:

Hand Weapons
 b - a +1 whip of electrocution (weapon)
Missiles
 f - 2 throwing nets (quivered)
Armour
 a - a +0 robe (worn)
 c - an orb of light (worn)
Scrolls
 e - a scroll of silence {unknown}
 h - 2 scrolls of teleportation {unknown}
Potions
 d - a potion of ambrosia
 g - a potion of lignification {unknown}


   Skills:
 - Level 3.0 Fighting
 + Level 2.9 Dodging
 * Level 3.0 Unarmed Combat
 * Level 1.2 Evocations
 * Level 1.1 Shapeshifting


You had 2 spell levels left.
You didn't know any spells.
Your spell library was empty.

Dungeon Overview and Level Annotations

Branches:
Dungeon (1/15)

Altars:


Innate Abilities, Weirdness & Mutations

Spells you cast may paralyse adjacent enemies.
Your touch may inflict minor irresistible damage on your foes.


Message History

You hit the ball python.
You kill the ball python!
A goblin comes into view. It is wielding a +0 dagger.
The giant cockroach completely misses you.
You hit the giant cockroach but do no damage.
Lightning courses through the giant cockroach!
You kill the giant cockroach!
You barely miss the goblin. The goblin barely misses you.
You hit the goblin. Lightning courses through the goblin!
You kill the goblin!
No target in view!
No target in view!
No target in view!
No target in view!
You see here a +0 dagger.
An endoplasm comes into view.
An endoplasm is nearby!
An endoplasm is nearby!
The endoplasm quivers.
The endoplasm freezes you.
You are frozen.
You whack the endoplasm!
Lightning courses through the endoplasm!
You kill the endoplasm!
No target in view!
No target in view!
No target in view!
No target in view!
No target in view!
No target in view!
No target in view!
No target in view!
No target in view!
No target in view!
No target in view!
No target in view!
No target in view!
No target in view!
No target in view!
Are you sure you want to abandon this character and quit the game? (Confirm with "yes".)

#...................#.....
#...............^.........
#........††...#######.....
#.............# #.....
#.............# ######
#.............#
#######.......# #.......#
#..@....# # #.......# #
#.......# # #........# #
#........# # #...###### #
#... # #... # ####


There were no monsters in sight!

Vanquished Creatures
  A gnoll (D:1)
  A bat (D:1)
  3 endoplasms (D:1)
  4 giant cockroaches (D:1)
  3 goblins (D:1)
  A hobgoblin (D:1)
  2 kobolds (D:1)
  2 ball pythons (D:1)
  A frilled lizard (D:1)
  4 rats (D:1)
22 creatures vanquished.

Notes
Turn   | Place    | Note
-------+----------+-------------------------------------------
     0 | D:1      | Gadfly the Demonspawn Monk began the quest for the Orb.
     0 | D:1      | Reached XP level 1. HP: 18/18 MP: 1/1
   292 | D:1      | Reached skill level 1 in Evocations
   292 | D:1      | Gained mutation: Your touch may inflict minor irresistible
                  | damage on your foes. [demonic ancestry]
   292 | D:1      | Reached XP level 2. HP: 17/24 MP: 2/2
   579 | D:1      | Reached skill level 1 in Shapeshifting
   826 | D:1      | Gained mutation: Spells you cast may paralyse adjacent
                  | enemies. [demonic ancestry]
   826 | D:1      | Reached XP level 3. HP: 25/29 MP: 3/3
   858 | D:1      | Found a faded altar of an unknown god.
   928 | D:1      | Quit the game

Illustrated notes

Levels and vault maps discovered:
D:1:      minmay_arrival_plants_in_alcoves, layout_basic,
          hellmonk_ecumenical_altar_defaced_shrine

Skill      XL: |  1  2 |
---------------+-------+-----
Evocations     | 1 |  1.2
Unarmed Combat | 3 |  3.0
Shapeshifting  | 1 |  1.1
Fighting       | |  3.0
Dodging        | |  2.9

Action                     || total
---------------------------++-------
  Melee: Whip              ||    47
         Unarmed           ||     6
 Armour: Robe              ||    27
  Dodge: Dodged            ||    29
